 Dungeon Crawl Stone Soup version 0.30-a0-54-g2e61a25929 (webtiles) character file.

Game seed: 3777273717351551963

100 Newt the Sneak (level 4, -4/28 HPs)
             Began as an Octopode Transmuter on Sept 8, 2022.
             Killed from afar by Ijyb (19 damage)
             ... with an iceblast
             ... on level 3 of the Dungeon.
             The game lasted 00:02:55 (3169 turns).

Newt the Sneak (Octopode Transmuter)                Turns: 3169, Time: 00:02:55

Health: -4/28      AC:  1    Str: 11    XL:     4   Next: 73%
Magic:  7/7        EV: 13    Int: 21    God:
Gold:   171        SH:  0    Dex: 12    Spells: 6/7 levels left

rFire   . . .      SeeInvis .    d - +0 dagger (pain)
rCold   . . .      Faith    .    (no shield)
rNeg    . . .      Spirit   .    (helmet restricted)
rPois   .          Reflect  .    (no amulet)
rElec   .          Harm     .    e - +6 ring of intelligence
rCorr   .          Rampage  .    (no ring)
Will    .....                    (no ring)
Stlth   +++.......               (no ring)
HPRegen 0.09/turn                (no ring)
MPRegen 0.10/turn                (no ring)
                                 (no ring)
                                 (no ring)

@: no status effects
A: almost no armour, amphibious, 8 rings, camouflage 1, gelatinous body 1,
(nimble swimmer 1), tentacles
a: no special abilities


You were on level 3 of the Dungeon.
You visited 1 branch of the dungeon, and saw 3 of its levels.

You collected 171 gold pieces.

Inventory:

Hand Weapons
 d - a +0 dagger of pain (weapon)
Missiles
 j - 3 datura-tipped darts
Jewellery
 e - a +6 ring of intelligence (left tentacle)
 g - an amulet of regeneration
Scrolls
 k - a scroll of silence
 n - a scroll of noise {unknown}
Potions
 a - 2 potions of lignification
 b - a potion of haste
 f - a potion of berserk rage
 h - a potion of attraction {unknown}
 i - a potion of curing
 l - a potion of mutation
 m - a potion of flight


   Skills:
 - Level 1.0 Fighting
 + Level 3.0 Short Blades
 - Level 2.0 Dodging
 - Level 4.0 Stealth
 - Level 3.0 Unarmed Combat
 - Level 2.0 Spellcasting
 - Level 2.0 Transmutations


You had 6 spell levels left.
You knew the following spells:

 Your Spells              Type           Power      Damage    Failure   Level
a - Beastly Appendage     Tmut           20%        N/A       6%          1

Your spell library contained the following spells:

 Spells                   Type           Power      Damage    Failure   Level
 Wereblood                Tmut           10%        N/A       10%         2
 Necrotise                Necr           8%         1d4       14%         1
 Spider Form              Tmut/Pois      6%         N/A       28%         3
 Vampiric Draining        Necr           2%         2d6       41%         3
 Ice Form                 Ice/Tmut       6%         N/A       67%         4
 Agony                    Necr           2%         N/A       99%         5


Dungeon Overview and Level Annotations

Branches:
Dungeon (3/15)

Altars:
Qazlal
Uskayaw

Annotations:
D:3 Ijyb


Innate Abilities, Weirdness & Mutations

You cannot wear most types of armour.
You are amphibious.
You can wear up to eight rings at the same time.
Your skin changes colour to match your surroundings (Stealth+).
Your rubbery body absorbs attacks. (AC +1, EV +1)
((You are camouflaged when in or above water. (Stealth+)))
You have tentacles for arms and can constrict up to eight enemies at once.


Message History

You constrict the orc.
You kill the orc!
You hit the worm. Your grab misses the worm.
The worm is lightly wounded.
You barely miss the worm. You grab the worm.
The worm is lightly wounded.
You constrict the worm. The worm bites you but does no damage.
You hit the worm. You squeeze the worm!
The worm is severely wounded.
You constrict the worm. You hit the worm but do no damage.
The worm is almost dead.
You constrict the worm. The worm bites you!
* * * LOW HITPOINT WARNING * * *
You hit the worm.
You kill the worm!
Unknown command.
You feel much better. The orc barely misses you.
Unknown command.
You hit the orc. Your grab misses the orc. You squeeze the orc.
You kill the orc!
You hit the orc but do no damage. You grab the orc. You squeeze the orc!
You kill the orc!
Your Short Blades skill increases to level 3!
You now have 171 gold pieces (gained 12).
Items here: ))))) [[ †††.
c - a scroll of identify
As you read the scroll of identify, it crumbles to dust.
b - a potion of haste Ijyb the Twisted Goblin comes into view.
She is wielding a +0 club and carrying a wand of iceblast (7).
Ijyb is nearby!
Ijyb zaps a wand.
The mass of ice explodes!
The iceblast engulfs you!!
Ouch! That really hurt!
You are too injured to fight recklessly!
You are too injured to fight recklessly!
Unknown command.
You feel better.
Ijyb zaps a wand.
The mass of ice explodes!
The iceblast engulfs you!!
Ouch! That really hurt!
You die...

### #..
################.#
#.................
#.##############.#
#@# .<<..#.# #.#
........ #.#
.......# #.#
.......# ..g
.......† ...
.#..... ...
........ .....
...###.# .. #..


You could see Ijyb.

Vanquished Creatures
  A gnoll (D:1)
  2 adders
  A worm (D:3)
  A dart slug (D:2)
  5 orcs (D:3)
  8 endoplasms
  3 giant cockroaches
  4 goblins
  2 hobgoblins
  6 jackals (D:2)
  A quokka (D:1)
  6 ball pythons
  5 bats
  3 frilled lizards
  5 kobolds
  6 rats
59 creatures vanquished.

Notes
Turn   | Place    | Note
-------+----------+-------------------------------------------
     0 | D:1      | Newt the Octopode Transmuter began the quest for the Orb.
     0 | D:1      | Reached XP level 1. HP: 13/13 MP: 3/3
   212 | D:1      | Reached skill level 1 in Stealth
   309 | D:1      | Reached skill level 2 in Stealth
   411 | D:1      | Reached XP level 2. HP: 6/18 MP: 5/5
   823 | D:1      | Reached skill level 3 in Stealth
   874 | D:1      | Reached XP level 3. HP: 17/23 MP: 6/6
  1052 | D:1      | Reached skill level 4 in Stealth
  1421 | D:2      | Reached skill level 1 in Short Blades
  1795 | D:2      | Reached XP level 4. HP: 10/28 MP: 7/7
  2666 | D:2      | Found a hide-covered altar of Uskayaw.
  3044 | D:3      | Found a stormy altar of Qazlal.
  3166 | D:3      | Noticed Ijyb
  3169 | D:3      | Killed from afar by Ijyb

Illustrated notes

Levels and vault maps discovered:
D:1:      saegor_arrival_fortress, layout_basic
D:2:      layout_basic, basic_altar
D:3:      layout_basic, nicolae_qazlal_general_emergency,
          hellmonk_ecumenical_altar_zigzags, chequers_serial_rivers_room_a,
          uniq_grinder, uniq_ijyb

Skill      XL: |  1  2  3  4 |
---------------+-------------+-----
Stealth        | 2 3 4 |  4.0
Short Blades   | 1 3 |  3.0
Fighting       | |  1.0
Dodging        | |  2.0
Unarmed Combat | |  3.0
Spellcasting   | |  2.0
Transmutations | |  2.0

Action                   |  1- 3 |  4- 6 || total
-------------------------+-------+-------++-------
Melee: Dagger            |    73 |    70 ||   143
       Unarmed           |    13 |       ||    13
       Tentacles         |    18 |    14 ||    32
       Constrict         |    17 |    16 ||    33
       Punch             |       |     2 ||     2
  Use: Potion            |       |     5 ||     5
       Scroll            |       |     4 ||     4
 Stab: Sleeping          |     4 |     4 ||     8
Armor: Skin              |    12 |     4 ||    16
Dodge: Dodged            |    70 |    43 ||   113

Table legend: (Time is in decaauts)
 A = Elapsed time spent in this place.
 B = Non-inter-level travel time spent in this place.
 C = Inter-level travel time spent in this place.
 D = Time resting spent in this place.
 E = Time spent auto-exploring this place.
 F = Levels seen in this place.
 G = Mean time per level.
                   A        B        C        D        E       F      G
               +--------+--------+--------+--------+--------+-----+--------+
         Total |   3155 |   3106 |     49 |    586 |   1999 |   3 | 1051.7 |
       Dungeon |   3155 |   3106 |     49 |    586 |   1999 |   3 | 1051.7 |
               +--------+--------+--------+--------+--------+-----+--------+

Top non-repeatable levels by time:
     D:2: 1565 daAuts
     D:1: 1372 daAuts
     D:3: 217 daAuts
